Map: Catalyst LE

Players

Paddo

  • Race: Zerg Zerg
  • League: Diamond
  • Spawn Location: 11:00

Dessa - Winner!

  • Race: Zerg Zerg
  • League: Diamond
  • Spawn Location: 5:00

VOD

Have the link to the VOD?

Description

Time

  • Played on: Dec. 27, 2017, 2:33 p.m.
  • Length: 12:45
Show
View Real Time Build Order
Export as new Build Order

Paddo Zerg 

Build Orders: Hatch First, Lurkers 

Get SALT Encoding   

  12  0:01  Drone  
  13  0:13  Overlord  
  13  0:22  Drone  
  14  0:32  Drone x2  
  16  0:52  Hatchery  
  16  0:56  Drone  
  16  0:58  Extractor  
  16  1:00  Drone  
  16  1:17  Spawning Pool  
  15  1:19  Drone  
  15  1:22  Drone  
  17  1:28  Drone  
  17  1:31  Drone  
  19  1:49  Overlord  
  19  2:06  Zergling x6  
  22  2:10  Lair  
  22  2:11  Queen  
  24  2:21  Drone  
  24  2:22  Drone  
  26  2:27  Drone x2  
  28  2:38  Drone x2  
  28  2:41  Extractor  
  29  2:45  Overlord  
  29  2:55  Drone  
  30  3:03  Drone x2  
  32  3:16  Roach Warren  
  32  3:17  Drone x2  
  32  3:18  Evolution Chamber  
  32  3:26  Drone x4  
  36  3:36  Evolution Chamber  
  36  3:40  Evolution Chamber  
  34  3:41  Drone x3  
  34  3:42  Drone  
  34  3:45  Zerg Missile Weapons Level 1  
  38  3:55  Drone x4  
  42  4:00  Extractor, Glial Reconstitution  
  41  4:06  Zerg Ground Armor Level 1  
  41  4:10  Roach  
  43  4:20  Overlord  
  43  4:26  Overlord  
  43  4:41  Roach x3  
  43  4:42  Roach  
  43  4:43  Overlord x2  
  51  4:51  Roach  
  51  4:52  Roach x2  
  57  5:04  Roach x2  
  57  5:05  Roach  
  63  5:12  Roach x2  
  63  5:13  Roach  
  69  5:28  Roach x3  
  75  5:39  Overlord x2  
  75  5:52  Overlord  
  75  5:58  Ravager x5  
  75  6:00  Roach x2  
  84  6:06  Overlord x2  
  84  6:30  Roach x7  
  79  6:58  Roach x5  
  69  7:24  Roach x2  
  69  7:25  Roach x4  
  75  7:36  Roach x2  
  72  7:42  Zerg Missile Weapons Level 2  
  72  7:43  Zerg Ground Armor Level 2  
  60  7:55  Ravager  
  61  7:59  Drone x2  
  61  8:00  Drone  
  61  8:05  Ravager  
  65  8:06  Ravager  
  65  8:09  Zergling x6  
  69  8:28  Roach x4  
  69  8:33  Drone  
  78  8:43  Roach x5  
  88  8:59  Hatchery  
  69  9:12  Roach x6  
  69  9:13  Roach x2  
  75  9:18  Hydralisk Den  
  75  9:21  Queen  
  76  9:26  Ravager  
  76  9:28  Extractor  
  76  9:35  Ravager  
  77  9:51  Lurker Den  
  76  9:53  Hydralisk  
  76  9:55  Zergling x16  
  86  10:09  Hydralisk  
  86  10:10  Hydralisk x2  
  93  10:18  Hydralisk x2  
  97  10:29  Hydralisk  
  97  10:30  Hydralisk  
  101  10:41  Hydralisk x3  
  107  10:44  Zergling x2  
  108  11:13  Overlord x3  
  104  11:31  Lurker x4  
  104  11:32  Lurker  
  50  11:55  Roach  
  50  11:56  Roach x8  
  53  12:17  Hatchery  
Show
View Real Time Build Order
Export as new Build Order

Dessa Zerg - Winner!

Build Orders: Pool First 

Get SALT Encoding   

  12  0:01  Drone  
  13  0:13  Overlord  
  13  0:17  Drone  
  14  0:31  Drone x2  
  14  0:35  Drone  
  17  0:40  Extractor  
  16  0:46  Drone  
  17  0:53  Spawning Pool  
  16  0:57  Drone  
  17  1:20  Hatchery  
  17  1:23  Drone  
  17  1:26  Drone  
  18  1:35  Overlord  
  19  1:40  Drone  
  19  1:47  Metabolic Boost  
  19  1:57  Queen  
  21  2:02  Zergling x2  
  21  2:04  Drone  
  23  2:12  Zergling x2  
  24  2:27  Drone  
  25  2:36  Queen  
  25  2:38  Drone  
  25  2:39  Drone  
  29  2:44  Zergling x2  
  29  2:45  Baneling Nest, Zergling x2  
  29  2:50  Queen  
  32  2:56  Drone  
  32  2:58  Drone  
  34  3:11  Drone x2  
  36  3:26  Overlord  
  36  3:46  Hatchery, Overlord  
  36  3:47  Overlord  
  35  3:49  Drone  
  35  3:50  Drone x5  
  41  3:59  Overlord  
  41  4:03  Lair  
  41  4:05  Drone  
  41  4:07  Drone  
  43  4:14  Roach Warren  
  42  4:21  Drone x3  
  45  4:25  Drone, Evolution Chamber  
  45  4:26  Extractor  
  45  4:27  Drone  
  45  4:44  Zergling x4  
  47  4:46  Overlord  
  47  4:48  Drone x2  
  47  4:49  Drone  
  47  4:52  Zerg Missile Weapons Level 1  
  50  4:53  Overlord  
  50  4:56  Overlord  
  50  4:58  Queen  
  52  5:00  Roach  
  52  5:03  Glial Reconstitution  
  52  5:04  Roach  
  56  5:20  Roach x2  
  60  5:22  Baneling  
  60  5:23  Baneling x2  
  60  5:26  Roach  
  62  5:30  Drone  
  62  5:31  Extractor  
  62  5:32  Drone x3  
  62  5:33  Drone  
  62  5:34  Drone x3  
  69  5:36  Roach x2  
  69  5:37  Roach  
  69  5:40  Overlord  
  76  5:50  Roach x3  
  76  5:51  Pneumatized Carapace  
  80  6:01  Overlord  
  80  6:04  Overlord  
  80  6:06  Roach x3  
  86  6:16  Drone, Hydralisk Den  
  86  6:19  Overlord x2  
  86  6:22  Roach x2  
  90  6:30  Roach x2  
  90  6:31  Roach  
  73  6:54  Roach x5  
  73  6:55  Roach x3  
  81  7:05  Roach x3  
  79  7:19  Roach x5  
  79  7:21  Queen  
  79  7:22  Queen  
  85  7:24  Roach  
  85  7:27  Roach  
  79  7:31  Queen  
  79  7:36  Roach  
  79  7:37  Roach x3  
  81  7:46  Drone x4  
  81  7:47  Extractor  
  82  7:56  Drone x4  
  86  7:58  Ravager  
  86  7:59  Ravager  
  86  8:02  Extractor  
  86  8:03  Drone x2  
  86  8:04  Extractor  
  88  8:14  Ravager x2  
  88  8:16  Zergling x14  
  97  8:23  Roach x2  
  101  8:31  Roach x2, Zergling x2  
  101  8:32  Zergling x4  
  108  8:41  Overlord  
  108  8:42  Overlord  
  108  8:43  Overlord  
  108  8:53  Overlord  
  108  8:57  Overlord  
  102  9:10  Zergling x2  
  102  9:11  Zergling x2, Overlord  
  102  9:14  Drone  
  102  9:15  Drone x4  
  102  9:16  Drone  
  109  9:17  Drone x3  
  109  9:19  Roach x3  
  118  9:24  Ravager  
  118  9:25  Ravager x2  
  118  9:27  Zergling x6  
  118  9:29  Zerg Ground Armor Level 1  
  124  9:34  Evolution Chamber  
  123  9:50  Extractor  
  122  9:53  Hatchery  
  122  9:56  Extractor  
  122  9:57  Hydralisk x4  
  122  9:59  Muscular Augments  
  127  10:13  Zerg Missile Weapons Level 2  
  127  10:20  Hydralisk x5  
  137  10:28  Drone x2  
  138  10:29  Overlord  
  138  10:30  Infestation Pit, Overlord  
  138  10:33  Zergling x6  
  138  10:34  Zergling x2  
  138  10:35  Roach x3  
  148  10:47  Overlord x2  
  148  10:49  Overlord  
  148  10:50  Drone  
  148  10:51  Drone x3  
  148  10:52  Drone x2  
  148  10:53  Drone x4  
  158  11:07  Lurker Den  
  157  11:14  Queen  
  121  12:12  Roach, Hydralisk x2  
  121  12:13  Roach x2  
  114  12:23  Roach x6  
  114  12:24  Roach x6  
Tags
 
Composition
Lurkers
Matchup
ZvZ
Race
Zerg
Replay Pack
2017S4
Spawn Locations
Cross Positions
Add a new tag
Caveats
  • Supply blocks, unpowered buildings, or Contaminate may cause inaccurate times.
  • Supply counts are checked every 10 seconds.